 Dungeon Crawl Stone Soup version 0.28.0-45-g0d030f2227 (webtiles) character file.

Game seed: 13099607561828413205

25 GigaChad the Skirmisher (level 2, -11/25 HPs)
             Began as a Palentonga Fighter on Apr 14, 2022.
             Mangled by an ogre
             ... wielding a +0 giant club
              (22 damage)
             ... on level 4 of the Dungeon.
             The game lasted 00:02:17 (786 turns).

GigaChad the Skirmisher (Palentonga Fighter)         Turns: 786, Time: 00:02:20

Health: -11/25     AC:  6    Str: 19    XL:     2   Next: 82%
Magic:  2/2        EV:  7    Int:  8    God:
Gold:   15         SH:  4    Dex:  9    Spells: 1/1 levels left

rFire   . . .      SeeInvis +   a - +0 long sword
rCold   . . .      Faith    .   c - +0 buckler
rNeg    . . .      Spirit   .   b - +0 scale mail
rPois   +          Reflect  .   (no helmet)
rElec   .          Harm     .   (no cloak)
rCorr   .          Rampage  .   (no gloves)
Will    .....                   (no barding)
Stlth   ..........              (no amulet)
HPRegen 0.08/turn               g - ring of poison resistance
MPRegen 0.08/turn               (no ring)

@: no status effects
A: large, rugged brown scales 3, see invisible, deformed body, roll 1, armoured
tail
a: Rolling Charge


You were on level 4 of the Dungeon.
You visited 1 branch of the dungeon, and saw 4 of its levels.

You collected 15 gold pieces.

Inventory:

Hand Weapons
 a - a +0 long sword (weapon)
Armour
 b - a +0 scale mail (worn)
 c - a +0 buckler (worn)
Magical Staves
 j - a staff of death
Jewellery
 g - a ring of poison resistance (left hand)
Scrolls
 f - a scroll of amnesia
 i - a scroll of identify
Potions
 d - a potion of might
 e - a potion of curing {unknown}
 h - 2 potions of haste


   Skills:
 + Level 3.2 Fighting
 + Level 2.3 Long Blades
 + Level 2.7 Armour
 + Level 2.7 Shields


You had one spell level left.
You didn't know any spells.
Your spell library was empty.

Dungeon Overview and Level Annotations

Branches:
Dungeon (4/15)
 Temple: D:4-7

Altars:

Shops:
D:1 [


Innate Abilities, Weirdness & Mutations

You are completely covered in rugged brown scales. (AC +3, +7% HP)
You have supernaturally acute eyesight. (SInv)
Armour fits poorly on your strangely shaped body.
You can roll at nearby foes to attack.
You have a long armoured tail.


Message History

An ogre comes into view. It is wielding a +0 giant club.
The ogre shouts!
A ball python comes into view.
An ufetubus comes into view.
Found a green potion.
The ball python hisses angrily.
The ufetubus shouts!
The ball python barely misses you. The ball python barely misses you.
The ball python bites you. The ball python closely misses you.
The ball python bites you. You block the ball python's attack.
The ball python bites you but does no damage.
The ball python bites you.
You slash the ball python!
You kill the ball python!
The ufetubus barely misses you. The ufetubus hits you.
You hit the ufetubus.
The ufetubus is heavily wounded.
The ufetubus hits you.
The ufetubus hits you but does no damage. x3
You barely miss the ufetubus.
The ufetubus is heavily wounded.
The ufetubus hits you but does no damage. x2
The ufetubus barely misses you.
The ufetubus hits you but does no damage.
The ogre barely misses you.
You closely miss the ufetubus.
You tail-slap the ufetubus, but do no damage.
The ufetubus is heavily wounded.
The ufetubus closely misses you.
The ufetubus hits you but does no damage.
You block the ufetubus's attack.
The ufetubus hits you but does no damage.
The ogre barely misses you.
You hit the ufetubus but do no damage.
The ufetubus is heavily wounded.
The ufetubus closely misses you. The ufetubus barely misses you. x2
The ufetubus hits you.
The ogre hits you with a +0 giant club!!
Ouch! That really hurt!
You die...

############
#........5@#
#.#######O##
#.#######.#
#.#.....#.#
#O#.###.#.#
#.#.#.#.#.#
#.#.#<..#.#
#.#.#####.#
#.#.......#


You could see an ogre and an ufetubus.

Vanquished Creatures
  A dart slug (D:4)
  3 ball pythons
  An endoplasm (D:1)
  2 giant cockroaches (D:1)
  A goblin (D:1)
  3 hobgoblins (D:1)
  4 jackals (D:1)
  A bat (D:1)
  4 rats
20 creatures vanquished.

Notes
Turn   | Place    | Note
-------+----------+-------------------------------------------
     0 | D:1      | GigaChad the Palentonga Fighter began the quest for the
                  | Orb.
     0 | D:1      | Reached XP level 1. HP: 19/19 MP: 1/1
   129 | D:1      | Reached XP level 2. HP: 25/25 MP: 2/2
   350 | D:1      | Found Tuapnog's Antique Armour Shop.
   735 | D:4      | Noticed an ogre
   786 | D:4      | Mangled by an ogre

Illustrated notes

Levels and vault maps discovered:
D:1:      elethiomel_arrival_shortcut, layout_loops_corners, serial_shops,
          shop_statue, minmay_shallow_snake_nest
D:2:      layout_loops_ring, hellmonk_ecumenical_altar_crossroads
D:3:      layout_basic
D:4:      layout_basic, uniq_eustachio, uniq_pikel

Action                   || total
-------------------------++-------
Melee: Long sword        ||    47
       Tailslap          ||     3
  Use: Scroll            ||     2
Armor: Scale mail        ||    41
Dodge: Dodged            ||    33
Block: Buckler           ||    17
